 Dungeon Crawl Stone Soup version 0.30.0-5-g1a98f26d00 (webtiles) character file.

Game seed: 3860684893944136511

104 SeerSkye the Digger (level 4, -5/21 (24) HPs)
             Began as a Gargoyle Earth Elementalist on May 10, 2023.
             Was a Plaything of Xom.
             Slain by an iron imp (9 damage)
             ... summoned by Xom
             ... on level 3 of the Dungeon.
             The game lasted 00:09:00 (2317 turns).

SeerSkye the Digger (Gargoyle Earth Elementalist)   Turns: 2317, Time: 00:09:00

HP:   -5/21 (24)    AC:  8    Str: 11    XL:     4   Next: 80%
MP:   1/7           EV: 11    Int: 18    God:    Xom [......]
Gold: 156           SH:  0    Dex: 10    Spells: 1/7 levels left

rFire   x . .        s - +2 dagger (speed)
rCold   . . .        (no shield)
rNeg    + . .        a - +0 robe
rPois   ∞            (no helmet)
rElec   +            n - +0 cloak
rCorr   .            (no gloves)
SInv    .            (no boots)
Will    .....        (no amulet)
Stlth   ++           (no ring)
HPRegen 0.23/turn    (no ring)
MPRegen 0.10/turn

%: no passive effects
@: heavily drained
A: sickness immunity, AC +3, negative energy resistance 1, electricity
resistance, torment resistance 1, petrification resistance, iridescent scales 1,
heat vulnerability 1
a: Renounce Religion


You were on level 3 of the Dungeon.
You worshipped Xom.
You were a very special plaything of Xom.
You visited 1 branch of the dungeon, and saw 3 of its levels.

You collected 156 gold pieces.

Inventory:

Hand Weapons
 s - a +2 dagger of speed (weapon)
Armour
 a - a +0 robe (worn)
 j - a +0 tower shield
 n - a +0 cloak (worn)
Scrolls
 c - 4 scrolls of identify {unknown}
 g - a scroll of vulnerability {unknown}
 h - a scroll of enchant weapon {unknown}
 o - a scroll of silence {unknown}
 p - a scroll of poison {unknown}
 r - 2 scrolls of teleportation {unknown}
Potions
 b - 2 potions of magic
 d - a potion of attraction {unknown}
 e - 2 potions of might {unknown}
 i - a potion of lignification {unknown}
 k - a potion of mutation {unknown}
 l - 4 potions of curing {unknown}
 m - a potion of invisibility {unknown}
 q - a potion of heal wounds {unknown}


   Skills:
 - Level 1.5 Dodging
 - Level 2.1 Stealth
 - Level 2.0 Spellcasting
 + Level 0.9 Conjurations
 - Level 0.9 Transmutations
 * Level 6.2 Earth Magic


You had one spell level left.
You knew the following spells:

 Your Spells              Type           Power      Damage    Failure   Level
a - Sandblast             Erth           48%        2d12      1%          1
b - Passwall              Tmut/Erth      11%        N/A       6%          2
c - Stone Arrow           Conj/Erth      28%        3d8       12%         3

Your spell library contained the following spells:

 Spells                   Type           Power      Damage    Failure   Level
 Petrify                  Tmut/Erth      14%        N/A       38%         4
 Portal Projectile        Hex/Tloc       2%         N/A       47%         3
 Summon Guardian Golem    Hex/Summ       1%         N/A       47%         3
 Tukima's Dance           Hex            1%         N/A       47%         3
 Blade Hands              Tmut           2%         N/A       98%         5
 Orb of Destruction       Conj           2%         9d5       100%        7
 Spellforged Servitor     Conj/Summ      1%         N/A       100%        7


Dungeon Overview and Level Annotations

Branches:
Dungeon (3/15) Zot: 15648

Altars:
Hepliaklqana
Uskayaw
Xom

Annotations:
D:2 Sigmund


Innate Abilities, Weirdness & Mutations

You are immune to sickness and miasma.
Your stone body is resilient. (AC +3)
You are immune to poison.
You resist negative energy. (rN+)
You are resistant to electric shocks. (rElec)
You are resistant to unholy torment.
You are immune to petrification.
You are partially covered in iridescent scales. (AC +2)
You are vulnerable to heat. (rF-)


Message History

* * * LOW HITPOINT WARNING * * *
Aiming: Sandblast (safe; 1% risk of failure)
Press: ? - help, Q - select action, (/) - cycle Shift-Dir - straight line, f - white imp
Aim: a white imp (summoned, 83% to hit)
The blast of sand hits the white imp.
The white imp is heavily wounded. "Let me alter your body."
Your body is suffused with distortional energy.
Iridescent scales grow over part of your body.
You feel vulnerable to heat.
The white imp hits you but does no damage.
The iron imp barely misses you. The white imp closely misses you.
The iron imp hits you.
* * * LOW HITPOINT WARNING * * *
Aiming: Sandblast (safe; 1% risk of failure)
Press: ? - help, Q - select action, (/) - cycle Shift-Dir - straight line, f/p - white imp
Aim: a white imp (heavily wounded, summoned, 83% to hit)
The blast of sand misses the white imp.
The white imp hits you but does no damage.
The iron imp barely misses you.
Aiming: Sandblast (safe; 1% risk of failure)
Press: ? - help, Q - select action, (/) - cycle Shift-Dir - straight line, f/p - white imp
Aim: a white imp (moderately wounded, summoned, 83% to hit)
The blast of sand hits the white imp!
You kill the white imp!
The white imp disappears in a puff of smoke!
The iron imp closely misses you.
Unknown command.
Aiming: Sandblast (safe; 1% risk of failure)
Press: ? - help, Q - select action, (/) - cycle Shift-Dir - straight line, f - iron imp
Aim: an iron imp (summoned, 87% to hit)
The blast of sand misses the iron imp.
The iron imp hits you.
* * * LOW HITPOINT WARNING * * *
Aiming: Sandblast (safe; 1% risk of failure)
Press: ? - help, Q - select action, (/) - cycle Shift-Dir - straight line, f/p - iron imp
Aim: an iron imp (summoned, 87% to hit)
The blast of sand hits the iron imp but does no damage.
The iron imp hits you!
You die...

##############
#............#
#.##########.# #.# #5#
#.# #@# ###### #.# #<#
#....# #.# #.# #....#
#.# #.##### #....##
##.##########.#...####
#......
#...........#.#.#....#
#......
#...........#.#.#....#
#......
#...........#.#.#....#
##.##..
#...........#.#.#..>.#
#.##..


You could see an iron imp (summoned).

Vanquished Creatures
  4 adders (D:2)
  2 dart slugs
  3 bats
  4 endoplasms
  4 giant cockroaches
  7 hobgoblins
  4 jackals (D:1)
  2 quokkas
  7 ball pythons
  6 frilled lizards
  5 goblins
  5 kobolds
  10 rats
63 creatures vanquished.

Notes
Turn   | Place    | Note
-------+----------+-------------------------------------------
     0 | D:1      | SeerSkye the Gargoyle Earth Elementalist began the quest
                  | for the Orb.
     0 | D:1      | Reached XP level 1. HP: 10/10 MP: 3/3
    72 | D:1      | Reached skill level 4 in Earth Magic
   185 | D:1      | Reached XP level 2. HP: 15/15 MP: 3/5
   597 | D:1      | Noticed a golden eye
   602 | D:1      | Found a faded altar of an unknown god.
   603 | D:1      | Noticed a floating eye
   603 | D:1      | Noticed a golden eye
   603 | D:1      | Noticed a shining eye
   610 | D:1      | Prayed at the altar of an unknown god.
   610 | D:1      | Became a worshipper of Xom the Unpredictable
   720 | D:1      | XOM: silly message
   978 | D:1      | XOM: silly message
   979 | D:1      | XOM: divination: detect creatures
   983 | D:1      | Reached skill level 5 in Earth Magic
   983 | D:1      | Reached XP level 3. HP: 19/19 MP: 6/6
  1071 | D:2      | Learned a level 2 spell: Passwall
  1075 | D:2      | Learned a level 3 spell: Stone Arrow
  1324 | D:2      | Reached XP level 4. HP: 12/24 MP: 1/7
  1395 | D:2      | Reached skill level 6 in Earth Magic
  1824 | D:2      | Noticed Sigmund
  1892 | D:3      | Found a hazy altar of Hepliaklqana.
  1975 | D:3      | Found a hide-covered altar of Uskayaw.
  2303 | D:3      | XOM: draining
  2308 | D:3      | XOM: summons 3 hostile demons
  2313 | D:3      | XOM: give mutations
  2313 | D:3      | Gained mutation: You are partially covered in iridescent
                  | scales. (AC +2) [Xom's mischief]
  2313 | D:3      | Gained mutation: You are vulnerable to heat. (rF-) [Xom's
                  | mischief]
  2317 | D:3      | Slain by an iron imp

Illustrated notes

Levels and vault maps discovered:
D:1:      lemuel_arrival_behind_the_door_large, layout_basic,
          hellmonk_ecumenical_altar_watching_god
D:2:      layout_loops_ring, minmay_tetromino_l4, uniq_sigmund,
          uniq_crazy_yiuf_cottage
D:3:      layout_basic, mainiacjoe_overflow_alcove_1,
          worldfamousw_hep_ancestral_shrine

Skill      XL: |  1  2  3  4 |
---------------+-------------+-----
Earth Magic    | 4 5 6 |  6.2
Dodging        | |  1.5
Stealth        | |  2.1
Spellcasting   | |  2.0
Conjurations   | |  0.9
Transmutations | |  0.9

Action                     |  1- 3 |  4- 6 || total
---------------------------+-------+-------++-------
  Melee: Unarmed           |     1 |       ||     1
         Dagger            |    27 |    21 ||    48
         Punch             |     1 |     1 ||     2
   Cast: Sandblast         |    44 |    30 ||    74
   Stab: Sleeping          |     2 |     1 ||     3
 Armour: Robe              |    25 |     8 ||    33
  Dodge: Dodged            |    37 |    19 ||    56
